 Dungeon Crawl Stone Soup version 0.25-a0-549-g6e6e650 (webtiles) character file.

Game seed: 8043790923577597269, levelgen mode: deterministic

44217 Faels the Unseen (level 13, 66/66 HPs)
             Began as a Felid Berserker on Feb 22, 2020.
             Was a High Priest of Trog.
             Quit the game on level 15 of the Dungeon.
             The game lasted 02:00:04 (34278 turns).

Faels the Unseen (Felid Berserker)                 Turns: 34278, Time: 02:00:04

Health: 66/66      AC:  3    Str: 13    XL:     13   Next: 95%
Magic:  22/22      EV: 33    Int: 10    God:    Trog [*****.]
Gold:   401        SH:  0    Dex: 19    Spells: 12/12 levels left
                                        Lives:  0   Deaths: 2

rFire    + . .     SeeInvis +     - Unarmed
rCold    + . .     Gourm    .   (shield unavailable)
rNeg     + . .     Faith    .   (armour unavailable)
rPois    .         Spirit   .   (helmet unavailable)
rElec    +         Reflect  .   (cloak unavailable)
rCorr    .         Harm     .   (gloves unavailable)
MR       +....                  (boots unavailable)
Stlth    +++++++...             D - amulet of regeneration
HPRegen  0.61/turn              P - ring of protection from fire
MPRegen  0.18/turn              B - ring of positive energy

@: quick
A: very small, no armour, no weapons or thrown items, stealth, claws 1, fangs 3,
see invisible, carnivore, speed 1, mutation resistance 1, shaggy fur 3,
electricity resistance, slow metabolism 1, subdued magic 2, sharp paws
a: Berserk, Trog's Hand, Brothers in Arms, Renounce Religion


You were on level 15 of the Dungeon.
You worshipped Trog.
Trog was extremely pleased with you.
You were not hungry.

You visited 3 branches of the dungeon, and saw 23 of its levels.
You also visited: Gauntlet.

You collected 2705 gold pieces.
You spent 2304 gold pieces at shops.

Inventory:

Jewellery
 h - an uncursed ring of protection from fire
 j - a +3 ring of intelligence
 o - the ring of Utul {+Fly rElec MP+9 Str+4 Dex+4}
   (You found it in a Gauntlet)

   [ring of strength]

   It affects your strength (+4).
   It affects your dexterity (+4).
   It insulates you from electricity.
   It affects your magic capacity (+9).
   It lets you fly.
 x - a +6 ring of dexterity
 B - a ring of positive energy (right paw)
 D - an amulet of regeneration (around neck)
 G - an uncursed ring of protection from cold
 J - an uncursed ring of teleportation
 P - a ring of protection from fire (left paw)
 X - a +3 ring of slaying
Wands
 s - a wand of enslavement (9)
 u - a wand of flame (34)
 y - a wand of paralysis (14)
 A - a wand of acid (27)
 H - a wand of disintegration (26)
 K - a wand of random effects (41)
 M - a wand of iceblast (26)
 R - a wand of polymorph (28)
Scrolls
 b - a scroll of blinking
 e - 8 scrolls of remove curse
 f - 10 scrolls of teleportation
 m - 4 scrolls of random uselessness
 n - 4 scrolls of magic mapping
 p - 2 scrolls of noise
 t - 9 scrolls of fog
 z - 2 scrolls of fear
 E - a scroll of silence {unknown}
 O - a scroll of torment {unknown}
 Q - a scroll of summoning {unknown}
 S - a scroll of holy word {unknown}
 W - 2 scrolls of vulnerability {unknown}
Potions
 c - 11 potions of curing
 d - 4 potions of lignification
 g - a potion of berserk rage
 i - 4 potions of heal wounds
 k - a potion of resistance
 l - 5 potions of flight
 q - 2 potions of magic
 r - 2 potions of stabbing {unknown}
 v - 4 potions of brilliance
 w - 3 potions of might
 C - a potion of invisibility {unknown}
 I - a potion of mutation
 V - a potion of degeneration {unknown}
Miscellaneous
 F - a lightning rod (4/4)
 L - 2 sacks of spiders
 N - a crystal ball of energy
 T - a fan of gales
Comestibles
 a - 51 rations


   Skills:
 + Level 13.4 Fighting
 + Level 16.5 Dodging
 + Level 17.5 Stealth
 + Level 13.3 Unarmed Combat
 + Level 11.4 Evocations


You had 12 spell levels left.
You didn't know any spells.
Your spell library was empty.

Dungeon Overview and Level Annotations

Branches:
Dungeon (15/15)            Temple (0/1) D:7            Lair (6/6) D:9
  Swamp (0/4) Lair:2       Spider (0/4) Lair:3        Slime (0/5) Lair:6
    Orc (2/2) D:10            Elf (0/3) Orc:2        Vaults (0/5) D:13
 Depths (0/5) D:15        Gauntlet (visited)

Altars:
Ashenzari
Elyvilon
Hepliaklqana
Yredelemnul
Beogh

Shops:
D:8 (   D:12 (!   Orc:1 [}   Orc:2 (=[*(

Portals:
Trove: D:11 (give 15 scrolls of teleportation)


Innate Abilities, Weirdness & Mutations

You cannot wear armour.
You are incapable of wielding weapons or throwing items.
Your paws allow you to move quietly. (Stealth)
You have sharp claws.
You have razor-sharp teeth.
You have supernaturally acute eyesight. (SInv)
You are carnivorous and can eat meat at any time.
You cover ground quickly.
Your thick and shaggy fur keeps you warm. (AC +3, rC+)
You have a slow metabolism.
Your sharp claws are effective at attacking unaware monsters.
You are somewhat resistant to further mutation.
You are resistant to electric shocks. (rElec)
Your spells are easier to cast, but less powerful.


Message History

The fire giant shouts!
You claw the fire giant!
The fire giant is severely wounded.
The orc knight unwields a +0 battleaxe.
The orc knight wields a +0 arbalest.
The orc knight shoots a bolt.
The bolt completely misses you.
You barely miss the fire giant. Your bite misses the fire giant.
The fire giant is severely wounded.
You claw the fire giant! You bite the fire giant.
The fire giant is almost dead.
The fire giant hits you with a +0 great sword of flaming!!
You die...
The fire giant burns you. The orc completely misses you.
You are now level 13!
You rejoin the land of the living...
Save game and exit?
Welcome back, Faels the Felid Berserker.
Trog says: Kill them all!
Press ? for a list of commands and other information.
You can't grasp things well enough to throw them.
Are you sure you want to abandon this character and quit the game? (Confirm with "yes".)

# #.## #(####.# #
##.# #(# #.# # #.#
#.# #.# ## ##.# #.#
#.# .# #..# #.# #.#
.# #..# #(# #.# .##
##.#######(####.# ..#
#......(()(##..# ..#
#........@.....# ))##
###............###
)..###..####...##..##
.......## #...##..#
.##...## #..####.#
###..## ##(## #÷#
##...# ##.## ##.#
##....####.## #.÷##
#).###)...##
#...########


There were no monsters in sight!

Vanquished Creatures
  Roxanne (D:15)
  An orc warlord (Orc:1)
  An ironheart preserver (D:13)
  Harold (D:10)
  3 hydras
  A catoblepas (Lair:4)
  Erica (D:8)
  2 centaur warriors
  9 death yaks
  4 two-headed ogres
  2 orc high priests (Orc:2)
  3 skeletal warriors
  2 unseen horrors
  2 deep elf magi (D:13)
  A lindwurm (Lair:6)
  3 orc knights
  7 ugly things
  An orc sorcerer (Orc:1)
  A cyclops (D:12)
  A manticore (Lair:6)
  19 elephants
  4 black mambas
  13 spiny frogs
  2 gargoyles
  Maggie (D:7)
  11 komodo dragons
  8 rime drakes
  A kobold demonologist (D:15)
  A harpy zombie (D:14)
  A meliai (D:13)
  A jumping spider (Lair:3)
  7 polar bears
  10 blink frogs
  A troll (D:9)
  3 hornets
  5 hippogriffs
  A meliai zombie (D:14)
  10 slime creatures
  A centaur simulacrum (D:14)
  6 redbacks (Lair:3)
  A spriggan (D:7)
  5 wyverns
  A tarantella (shapeshifter) (D:13)
  30 yaks
  Eustachio (D:5)
  8 basilisks
  2 hungry ghosts
  3 vampire mosquitoes (D:13)
  A soldier ant (D:13)
  6 acid dragons
  4 wargs
  8 porcupines
  23 water moccasins
  A hornet zombie (D:10)
  41 orc warriors
  4 sky beasts
  2 ice beasts
  14 ogres
  5 phantoms
  15 wolves
  11 centaurs
  13 crocodiles
  A big kobold (D:8)
  17 bullfrogs
  A wyvern zombie (D:7)
  7 earth elementals (D:12)
  9 scorpions
  A wyvern skeleton (D:9)
  A troll zombie (D:11)
  3 killer bees (D:13)
  18 wights
  5 howler monkeys
  5 electric eels
  11 crimson imps
  2 bullfrog zombies
  6 centaur zombies
  12 hounds
  A wyvern simulacrum (D:14)
  5 human zombies (D:11)
  29 orc priests
  6 jellies
  4 centaur skeletons
  A bullfrog skeleton (D:7)
  A human skeleton (D:11)
  2 iguanas (D:8)
  35 orc wizards
  18 worker ants
  2 hound zombies (D:7)
  2 hound skeletons (D:7)
  2 mummies (D:11)
  A howler monkey zombie (D:7)
  2 worker ant zombies (D:5)
  9 adders
  5 shadow imps
  An ooze (D:1)
  An adder skeleton (D:9)
  An adder zombie (D:8)
  2 worms
  2 dart slugs
  6 leopard geckos
  92 orcs
  2 ball pythons
  4 bats
  2 giant cockroaches
  8 goblins
  6 hobgoblins
  8 jackals
  8 kobolds
  3 quokkas
  2 frilled lizards
  A jackal skeleton (D:4)
  A leopard gecko zombie (D:5)
  An orc zombie (D:11)
  6 rats
733 creatures vanquished.

Vanquished Creatures (collateral kills)
  A minotaur (Gauntlet)
  A hydra (D:14)
  A catoblepas (D:12)
  A merfolk avatar (Lair:6)
  A centaur warrior (D:14)
  A death knight (D:14)
  An orc high priest (Orc:2)
  7 skeletal warriors
  A sea snake (Lair:6)
  A harpy (Lair:6)
  4 orc sorcerers (Orc:2)
  An orc knight (Orc:1)
  A cyclops (D:12)
  A spiny frog (Lair:6)
  A wind drake (Lair:6)
  2 hornets (Gauntlet)
  2 blink frogs (Lair:6)
  A hippogriff (Lair:6)
  3 wraiths (D:14)
  4 yaks (D:14)
  2 basilisks (D:12)
  3 vampire mosquitoes (D:15)
  A warg (Orc:1)
  3 orc warriors
  5 centaurs (D:14)
  A killer bee (D:13)
  3 wights (D:14)
  An orc wizard (D:10)
  A jelly (Lair:6)
  An orc priest (Orc:2)
  2 orcs
59 creatures vanquished.

Vanquished Creatures (others)
  A quokka (D:14)
  15 fungi
  20 plants
36 creatures vanquished.

Grand Total: 828 creatures vanquished

Notes
Turn   | Place    | Note
-------+----------+-------------------------------------------
     0 | D:1      | Faels the Felid Berserker began the quest for the Orb.
     0 | D:1      | Reached XP level 1. HP: 10/10 MP: 2/2
    61 | D:1      | Reached skill level 1 in Stealth
    62 | D:1      | Reached XP level 2. HP: 14/14 MP: 3/3
   456 | D:1      | Reached XP level 3. HP: 14/17 MP: 4/4
   718 | D:1      | Reached skill level 2 in Stealth
   958 | D:1      | Reached ** piety under Trog
  2066 | D:2      | Reached XP level 4. HP: 21/21 MP: 5/5
  2139 | D:2      | Noticed an ogre
  2150 | D:2      | Killed an ogre
  2150 | D:2      | Reached skill level 5 in Dodging
  2150 | D:2      | Reached skill level 3 in Stealth
  2150 | D:2      | Reached XP level 5. HP: 25/25 MP: 6/6
  2547 | D:3      | Gained mutation: Your spells are a little easier to cast,
                  | but a little less powerful. [potion of mutation]
  2547 | D:3      | Gained mutation: Your spells are easier to cast, but less
                  | powerful. [potion of mutation]
  2547 | D:3      | Gained mutation: You are somewhat resistant to further
                  | mutation. [potion of mutation]
  2575 | D:3      | Found a hazy altar of Hepliaklqana.
  2884 | D:4      | Noticed a phantom
  2981 | D:4      | Killed a phantom
  2981 | D:4      | Reached skill level 4 in Stealth
  2981 | D:4      | Gained mutation: You are covered in thick fur. (AC +2)
                  | [Felid growth]
  2981 | D:4      | Reached XP level 6. HP: 28/28 MP: 7/7
  3842 | D:4      | Reached skill level 5 in Stealth
  4139 | D:4      | Reached XP level 7. HP: 30/33 MP: 8/8
  4315 | D:5      | Entered Level 5 of the Dungeon
  4535 | D:5      | Reached skill level 5 in Fighting
  4567 | D:5      | Noticed Eustachio
  4581 | D:5      | Reached skill level 5 in Unarmed Combat
  4588 | D:5      | Killed Eustachio
  4588 | D:5      | Reached skill level 6 in Stealth
  4816 | D:5      | Reached XP level 8. HP: 37/37 MP: 9/9
  4896 | D:5      | Lost mutation: You are somewhat resistant to further
                  | mutation. [potion of mutation]
  4896 | D:5      | Gained mutation: You are resistant to electric shocks.
                  | (rElec) [potion of mutation]
  4896 | D:5      | Gained mutation: You are somewhat resistant to further
                  | mutation. [potion of mutation]
  5371 | D:6      | Reached skill level 7 in Stealth
  5540 | D:6      | Reached *** piety under Trog
  6107 | D:7      | Noticed an unseen horror
  6113 | D:7      | Killed an unseen horror
  6113 | D:7      | Reached skill level 8 in Stealth
  6113 | D:7      | Reached XP level 9. HP: 42/42 MP: 10/10
  6678 | D:7      | Reached **** piety under Trog
  7163 | D:7      | Noticed Maggie
  7184 | D:7      | Reached skill level 9 in Stealth
  7253 | D:7      | Killed Maggie
  7898 | D:7      | Found a staircase to the Ecumenical Temple.
  7900 | D:7      | Reached skill level 10 in Dodging
  8036 | D:8      | Reached skill level 10 in Stealth
  8135 | D:8      | Reached XP level 10. HP: 41/48 MP: 11/11
  8863 | D:8      | Noticed Erica
  9012 | D:8      | Found Hala's Antique Weapon Shoppe.
  9063 | D:8      | Killed Erica
  9863 | D:9      | Reached skill level 11 in Stealth
 10203 | D:9      | Found a staircase to the Lair.
 11016 | D:10     | Entered Level 10 of the Dungeon
 11360 | D:10     | Reached skill level 1 in Evocations
 11410 | D:10     | Found a shattered altar of Ashenzari.
 11674 | D:10     | Noticed Harold
 11681 | D:10     | Killed Harold
 11681 | D:10     | Reached XP level 11. HP: 53/53 MP: 13/13
 11766 | D:10     | Reached ***** piety under Trog
 12198 | D:9      | Reached skill level 12 in Stealth
 12847 | D:10     | Found a staircase to the Orcish Mines.
 13267 | D:11     | Found the +0 pair of fencer's gloves {Riposte Dex+3}
 13822 | D:11     | Found a basalt altar of Yredelemnul.
 13948 | D:11     | Noticed an unseen horror
 13951 | D:11     | Killed an unseen horror
 14210 | D:11     | Found a portal to a secret trove of treasure.
 14582 | Lair:1   | Entered Level 1 of the Lair of Beasts
 15063 | Lair:1   | Reached skill level 10 in Fighting
 15063 | Lair:1   | Reached skill level 10 in Unarmed Combat
 15481 | Lair:2   | Found a staircase to the Swamp.
 15508 | Lair:1   | Reached skill level 13 in Stealth
 15510 | Lair:1   | Reached skill level 5 in Evocations
 15567 | Lair:2   | Gained mutation: Your thick and shaggy fur keeps you warm.
                  | (AC +3, rC+) [Felid growth]
 15567 | Lair:2   | Reached XP level 12. HP: 48/58 MP: 16/16
 16607 | Lair:3   | Reached ****** piety under Trog
 16652 | Lair:3   | Noticed a five-headed hydra
 16659 | Lair:3   | Killed a five-headed hydra
 16865 | Lair:3   | Noticed a six-headed hydra
 16871 | Lair:3   | Killed a six-headed hydra
 17216 | Lair:3   | Found a hazy altar of Hepliaklqana.
 17230 | Lair:3   | Found a hole to the Spider Nest.
 17325 | Lair:3   | Noticed a death yak
 17328 | Lair:3   | Noticed a death yak
 17329 | Lair:3   | Noticed a death yak
 17345 | Lair:2   | Killed a death yak
 17536 | Lair:3   | Reached skill level 14 in Stealth
 17834 | Lair:3   | Killed a death yak
 18598 | Lair:4   | Noticed a catoblepas
 18612 | Lair:4   | Noticed a death yak
 18618 | Lair:4   | Noticed a death yak
 18674 | Lair:4   | Noticed a death yak
 18708 | Lair:4   | Found a gate leading to a gauntlet.
 18718 | Gauntlet | Entered a Gauntlet
 18718 | Gauntlet | Found a runed translucent gate.
 18718 | Gauntlet | Found a transporter.
 18718 | Gauntlet | Found a runed translucent gate.
 18718 | Gauntlet | Found a runed translucent gate.
 18718 | Gauntlet | Found a transporter.
 18718 | Gauntlet | Noticed a death scarab
 18726 | Gauntlet | Found a transporter.
 18730 | Gauntlet | Found a transporter.
 18738 | Gauntlet | Found a transporter.
 18742 | Gauntlet | Found a transporter.
 18750 | Gauntlet | Found a transporter.
 18751 | Gauntlet | Noticed a cacodemon
 18766 | Gauntlet | Found a transporter.
 18780 | Gauntlet | Found a transporter.
 18784 | Gauntlet | Found a transporter.
 18795 | Gauntlet | Found a transporter.
 18796 | Gauntlet | Found a transporter.
 19420 | Gauntlet | Got a crude bone ring
 19436 | Gauntlet | Noticed a minotaur
 19466 | Gauntlet | Killed a minotaur
 19466 | Gauntlet | Reached XP level 13. HP: 30/63 MP: 19/19
 19538 | Gauntlet | Identified the ring of Utul {+Fly rElec MP+9 Str+4 Dex+4}
                  | (You found it in a Gauntlet)
 20748 | Lair:4   | Reached skill level 15 in Stealth
 23098 | Lair:6   | Entered Level 6 of the Lair of Beasts
 23486 | Lair:6   | Reached XP level 14. HP: 19/69 MP: 21/21
 23698 | Lair:6   | Reached skill level 15 in Dodging
 24454 | Lair:6   | Found a staircase to the Slime Pits.
 24461 | Lair:6   | Reached skill level 16 in Stealth
 24730 | Lair:6   | Drowned by a drowned soul
 24731 | Lair:6   | Reached XP level 13. HP: 0/64 MP: 21/21
 25502 | Orc:1    | Entered Level 1 of the Orcish Mines
 25502 | Orc:1    | Found Ybymorim's Armour Boutique.
 25790 | Orc:2    | Entered Level 2 of the Orcish Mines
 26163 | Orc:1    | Found Kozisiom's Gadget Shoppe.
 26223 | Orc:1    | Bought a fan of gales for 480 gold pieces
 26646 | Orc:1    | Found a roughly hewn altar of Beogh.
 26979 | Orc:2    | Found Syewn's Antique Weapon Shoppe.
 27203 | Orc:1    | Reached skill level 10 in Evocations
 27562 | Orc:2    | Noticed an orc warlord
 28046 | Orc:1    | Killed an orc warlord
 29226 | Orc:2    | Found Toofag's Antique Armour Shop.
 29227 | Orc:2    | Found Naxkulas's Antique Weapon Boutique.
 29300 | Orc:2    | Found Ludu's General Store.
 29300 | Orc:2    | Found Nakaanou's Jewellery Shop.
 29318 | Orc:2    | Bought an uncursed ring of protection from cold for 400
                  | gold pieces
 29318 | Orc:2    | Bought a scroll of magic mapping for 56 gold pieces
 29318 | Orc:2    | Bought a scroll of teleportation for 48 gold pieces
 29433 | Orc:2    | Found a staircase to the Elven Halls.
 29598 | Orc:1    | Bought a lightning rod (4/4) for 480 gold pieces
 29598 | Orc:1    | Bought a sack of spiders for 240 gold pieces
 29598 | Orc:1    | Bought a wand of acid (11) for 360 gold pieces
 29598 | Orc:1    | Bought a wand of disintegration (5) for 108 gold pieces
 29598 | Orc:1    | Bought a wand of polymorph (9) for 132 gold pieces
 29780 | D:12     | Found Vathoyw's Distillery.
 29899 | D:12     | Reached XP level 14. HP: 69/69 MP: 22/22
 30383 | D:12     | Found Wousioff's Weapon Boutique.
 30677 | D:12     | Found Amutiwku's Weapon Shoppe.
 31202 | D:13     | You fall into a shaft and drop 2 floors!
 31202 | D:15     | Entered Level 15 of the Dungeon
 31734 | D:13     | Reached skill level 17 in Stealth
 32155 | D:13     | Found a gate to the Vaults.
 32155 | D:13     | Noticed an ironheart preserver
 32163 | D:13     | Killed an ironheart preserver
 32707 | D:14     | Found a white marble altar of Elyvilon.
 33439 | D:15     | Found a staircase to the Depths.
 33439 | D:15     | Noticed a fire giant
 34083 | D:15     | Identified Roxanne's Incunabulum of Transformation
 34083 | D:15     | Noticed Roxanne
 34118 | D:15     | Killed Roxanne
 34276 | D:15     | Slain by a fire giant
 34277 | D:15     | Reached XP level 13. HP: -3/99 MP: 22/22
 34277 | D:15     | Upgraded the game from 0.25-a0-547-g27a0b5d to
                  | 0.25-a0-549-g6e6e650
 34278 | D:15     | Quit the game

Levels and vault maps discovered:
D:1:      kennysheep_arrival_seaside, layout_loops_cross,
          chequers_serial_rivers_micro_c
D:2:      layout_basic, first_ration, minivault_11
D:3:      layout_rooms, lemuel_round_altar
D:4:      layout_basic, grunt_decor_mini_mirrors
D:5:      layout_rooms, solitary_fountain, due_unseen_surprise, uniq_eustachio
D:6:      layout_loops_ring
D:7:      layout_loops_cross, minmay_temple_entry_statues_pillars, the_bakery,
          uniq_maggie
D:8:      layout_loops_ring, serial_shops, kennysheep_mini, uniq_erica
D:9:      layout_stronghold, erik_lair_island, nooodl_food_tri
D:10:     layout_long_grid, erik_orc_2, nicolae_ashenzari_panopticon,
          uniq_harold
D:11:     layout_gridville, nicolae_trove_entry_columns,
          lemuel_mausoleum_altar_yredelemnul
D:12:     layout_roguey, serial_shops, shop, nicolae_shop_trees, shop,
          hangedman_cracks_in_the_wall
D:13:     layout_long_grid, skrybe_vaults_entry_preservation
D:14:     layout_rooms, chequers_serial_rivers_micro_e, drop_trap,
          elyvilon_altar_4
D:15:     grunt_enter_depths_giant_problem, layout_layer_cave,
          minmay_misc_feat_tower, uniq_roxanne
Lair:1:   layout_loops_ring
Lair:2:   layout_layer_cave, swamp_mist_pool
Lair:3:   layout_small_grid, nicolae_spider_entry_tight_spaces, basic_altar,
          chequers_serial_rivers_room_b, grunt_megastairs_1, lemuel_fruit_fields
Lair:4:   layout_regular_city, gauntlet_entry_generic, nicolae_lair_yak_garden,
          grunt_megastairs_2
Lair:5:   layout_hall_layers, serial_bayou_shore_a, grunt_megastairs_5
Lair:6:   gammafunk_lair_ancient_temple, layout_regular_city,
          minmay_slime_entry_pillars, kennysheep_basilisk_garden,
          infiniplex_staircase_pool
Orc:1:    layout_diamond_mine, basic_altar, serial_shops, nicolae_shop_trees,
          shop_statue
Orc:2:    st_orc_congregation, layout_diamond_mine, serial_shops,
          nicolae_shop_overgrown_old_shop

Skill      XL: |  1  2  3  4  5  6  7  8  9 10 11 12 13 14 |
---------------+-------------------------------------------+-----
Stealth        | 1 2 3 4 5 6 8 10 11 13 14 15 17 | 17.5
Dodging        | 5 6 7 8 10 11 12 13 14 16 | 16.5
Fighting       | 4 5 6 7 9 10 11 12 13 | 13.4
Unarmed Combat | 4 5 6 7 9 10 11 13 | 13.3
Evocations     | 2 5 7 10 11 | 11.4

Action                   |  1- 3 |  4- 6 |  7- 9 | 10-12 | 13-15 || total
-------------------------+-------+-------+-------+-------+-------++-------
Melee: Unarmed           |    95 |    99 |   265 |   716 |  1441 ||  2616
       Punch             |     2 |     2 |     8 |    30 |   122 ||   164
       Bite              |     5 |    12 |    33 |    97 |   260 ||   407
Invok: Berserk           |     2 |     4 |     6 |    23 |    48 ||    83
       Trog's Hand       |       |       |     1 |     5 |    15 ||    21
       Brothers in Arms  |       |       |       |     3 |    18 ||    21
Evoke: Wand              |       |       |       |     5 |     6 ||    11
  Use: Scroll            |       |     9 |     2 |    13 |     7 ||    31
       Potion            |       |     1 |     1 |     1 |     2 ||     5
 Stab: Sleeping          |     7 |     6 |    23 |    50 |    53 ||   139
       Distracted        |     1 |       |     1 |    10 |    13 ||    25
  Eat: Chunk             |    11 |     8 |    14 |    44 |    94 ||   171
Armor: Skin              |     1 |     7 |     6 |    15 |    34 ||    63
Dodge: Dodged            |    65 |    63 |   203 |   575 |  1349 ||  2255

Table legend:
 A = Non-vault XP
 B = Vault XP
 C = Vault XP percentage of total XP
 D = Non-vault monster count
 E = Vault monster count
 F = Vault count percentage of total count
                 A         B        C        D         E       F
            +---------+---------+-------+---------+---------+-------
      Total |   92170 |   38751 |  29.6 |     597 |     195 |  24.6
            +---------+---------+-------+---------+---------+-------
        D:1 |      51 |       0 |   0.0 |      24 |       0 |   0.0
        D:2 |     177 |       0 |   0.0 |      13 |       0 |   0.0
        D:3 |      30 |       0 |   0.0 |      11 |       0 |   0.0
        D:4 |     486 |       0 |   0.0 |      18 |       0 |   0.0
        D:5 |     589 |     196 |  25.0 |      14 |       1 |   6.7
        D:6 |     659 |       0 |   0.0 |      17 |       0 |   0.0
        D:7 |    2303 |     596 |  20.6 |      35 |       2 |   5.4
        D:8 |    1608 |     902 |  35.9 |      32 |       1 |   3.0
        D:9 |    2063 |     775 |  27.3 |      30 |       9 |  23.1
       D:10 |    1883 |    1846 |  49.5 |      26 |      20 |  43.5
       D:11 |    3110 |     466 |  13.0 |      36 |      12 |  25.0
       D:12 |    3443 |    2006 |  36.8 |      22 |      12 |  35.3
       D:13 |    7281 |    4150 |  36.3 |      35 |       9 |  20.5
       D:14 |    7724 |       0 |   0.0 |      40 |       0 |   0.0
       D:15 |   10444 |    1862 |  15.1 |      25 |       1 |   3.8
     Lair:1 |    4099 |       0 |   0.0 |      18 |       0 |   0.0
     Lair:2 |    2567 |     147 |   5.4 |       8 |       1 |  11.1
     Lair:3 |   14328 |    2170 |  13.2 |      34 |       9 |  20.9
     Lair:4 |    9995 |    2395 |  19.3 |      32 |       5 |  13.5
     Lair:5 |    7086 |     761 |   9.7 |      28 |       2 |   6.7
     Lair:6 |    7912 |    8438 |  51.6 |      31 |      33 |  51.6
      Orc:1 |    2544 |    3498 |  57.9 |      38 |      12 |  24.0
      Orc:2 |    1788 |    7035 |  79.7 |      30 |      60 |  66.7
   Gauntlet |       0 |    1508 | 100.0 |       0 |       6 | 100.0
            +---------+---------+-------+---------+---------+-------
